 Dungeon Crawl Stone Soup version 0.27-a0-1245-g940ed4fa31 (webtiles) character file.

Game seed: 18357708621978053032

3304 freelancePsychic the Thaumaturge (level 10, -2/69 HPs)
             Began as a Djinni Warper on June 10, 2021.
             Was a Follower of Makhleb.
             Slain by a meliai
             ... wielding a +0 hand axe
              (3 damage)
             ... on level 8 of the Dungeon.
             The game lasted 00:17:17 (10967 turns).

freelancePsychic the Thaumaturge (Djinni Warper)   Turns: 10967, Time: 00:17:18

Health: -2/69      AC:  4    Str: 10    XL:     10   Next: 21%
Gold:   454        EV: 12    Int: 17    God:    Makhleb [*.....] SH:  5 Dex: 14

rFire    + + .     SeeInvis .   a - +10 long sword of Qydd {freeze, rC+}
rCold    + . .     Faith    .   (no shield)
rNeg     . . .     Spirit   .   p - +2 robe {rC+}
rPois    ∞         Reflect  +   (no helmet)
rElec    .         Harm     .   (no cloak)
rCorr    .         Rampage  .   (no gloves)
Will     +....                  (boots unavailable)
Stlth    +.........             r - amulet of reflection
HPRegen  0.21/turn              (no ring)
MPRegen  0.00/turn              (no ring)

@: about to teleport, flying
A: sickness immunity, fire resistance 2, cold vulnerability 1, float, innate
caster, hp casting, extra vitality 1
a: Renounce Religion


You were on level 8 of the Dungeon.
You worshipped Makhleb.
Makhleb was aware of your devotion.
You visited 1 branch of the dungeon, and saw 8 of its levels.

You collected 454 gold pieces.

Inventory:

Hand Weapons
 a - the +10 long sword of Qydd (weapon) {freeze, rC+}
   (You found it on level 4 of the Dungeon)

   It has been specially enchanted to freeze those struck by it, causing extra
   injury to most foes and up to half again as much damage against particularly
   susceptible opponents.
   It can also slow down cold-blooded creatures.
   It protects you from cold.
 f - a +2 dagger of venom
 o - a +0 falchion
Missiles
 e - 3 boomerangs of dispersal (quivered)
 h - 10 atropa-tipped darts
 n - 11 boomerangs
Armour
 b - a +0 leather armour
 p - a +2 robe of cold resistance (worn)
Magical Staves
 l - a staff of fire
Jewellery
 j - a ring of fire
 r - an amulet of reflection (around neck)
 t - a +6 ring of intelligence
Wands
 x - a wand of paralysis (5)
 y - a wand of mindburst (16)
Scrolls
 c - a scroll of fog {unknown}
 d - a scroll of identify {@r1}
 g - 3 scrolls of amnesia
 i - 4 scrolls of teleportation {@r4}
 q - a scroll of vulnerability
 w - a scroll of summoning
Potions
 k - 2 potions of might {unknown}
 m - 2 potions of ambrosia
 s - a potion of attraction {unknown}
 u - 4 potions of haste {unknown}
 v - 3 potions of mutation {unknown}
 z - 3 potions of curing {unknown}


   Skills:
 + Level 4.3 Fighting
 + Level 6.5 Long Blades
 - Level 0.7 Throwing
 - Level 1.0 Armour
 + Level 2.1 Dodging
 - Level 9.1 Spellcasting


You had 3 spell levels left.
You knew the following spells:

 Your Spells              Type           Power      Damage    Failure   Level
a - Blink                 Tloc           N/A        N/A       1%          2
b - Inner Flame           Hex/Fire       38%        N/A       1%          3
c - Gell's Gravitas       Tloc           19%        N/A       1%          3
d - Teleport Other        Tloc           38%        N/A       1%          3
e - Manifold Assault      Tloc           38%        N/A       6%          5
f - Animate Skeleton      Necr           76%        N/A       1%          1
g - Slow                  Hex            38%        N/A       1%          2
h - Corpse Rot            Necr/Air       N/A        N/A       1%          2
i - Lesser Beckoning      Tloc           19%        N/A       1%          3
Your spell library was empty.

Dungeon Overview and Level Annotations

Branches:
Dungeon (8/15)             Temple (0/1) D:6
   Lair: D:8-11

Altars:
Cheibriados
Dithmenos
Makhleb
Nemelex Xobeh
Qazlal
Ru
Trog
Uskayaw
Zin

Shops:
D:6 *   D:8 !

Annotations:
D:7 3 runed translucent doors, freelancePsychic's ghost, novice TrMo


Innate Abilities, Weirdness & Mutations

You are immune to sickness and miasma.
You are immune to poison.
Your flesh is very heat resistant. (rF++)
You are vulnerable to cold. (rC-)
You float through the air rather than walking.
You learn spells naturally, not from books.
Your magical power is your life essence.
You have superior vitality. (+4 HP)


Message History

A meliai comes into view. It is wielding a +0 hand axe.
Casting: Slow (safe; 1% risk of failure)
Confirm with . or Enter, or press ? or * to list all spells.
You don't know that spell.
Unknown command.
Casting: Slow (safe; 1% risk of failure)
Confirm with . or Enter, or press ? or * to list all spells.
Okay, then.
Casting: Slow (safe; 1% risk of failure)
Confirm with . or Enter, or press ? or * to list all spells.
Space momentarily warps into an impossible shape!
You slash the meliai! You freeze the meliai.
You hear an angry buzzing noise.
A meliai comes into view. It is wielding a +0 hand axe.
Casting: Manifold Assault (dangerous; 6% risk of failure)
Confirm with . or Enter, or press ? or * to list all spells.
Space momentarily warps into an impossible shape!
The meliai buzzes angrily.
You hit the meliai but do no damage. You miss the meliai.
A meliai comes into view. It is wielding a +0 hand axe.
The meliai invokes the aid of its god against you.
Something smites you!
Casting: Manifold Assault (dangerous; 6% risk of failure)
Confirm with . or Enter, or press ? or * to list all spells.
Space momentarily warps into an impossible shape!
You hit the meliai. You freeze the meliai. You completely miss the meliai.
The meliai invokes the aid of its god against you.
Something smites you!
As you read the scroll of teleportation {@r4}, it crumbles to dust.
You feel strangely unstable.
The meliai invokes the aid of its god against you.
Something smites you!
* * * LOW HITPOINT WARNING * * *
The meliai calls down the wrath of its god upon you.
Something smites you!
* * * LOW HITPOINT WARNING * * *
The meliai calls upon its god to heal the meliai.
The meliai's wounds heal themselves!
You block the meliai's attack. The meliai stings you.
You die...

### #.######## #........#
#.######.# #.# #.####
#######.# #@y..####
#....##.# #.y....?#
#...>##.# #.......#
###....##.# #y......#
........#.######.......#
.....................>##
..#........###..........
..#####.................#
..# #.....###.........#


You could see 3 meliai.

Vanquished Creatures
  Joseph (D:7)
  A wyvern (D:8)
  2 water moccasins
  2 ice beasts
  4 black bears
  Duvessa (D:4)
  2 orc warriors (D:7)
  A sky beast (D:7)
  2 necrophages
  3 ogres
  A kobold brigand (D:7)
  A bullfrog (D:7)
  Dowan (D:4)
  A scorpion (D:6)
  A howler monkey (D:5)
  4 wights (D:7)
  A centaur zombie (D:6)
  A gnoll shaman (D:6)
  2 hounds
  A centaur skeleton (D:7)
  A bullfrog skeleton (D:6)
  4 orc priests
  A scorpion zombie (D:5)
  3 iguanas
  6 orc wizards
  A killer bee zombie (D:7)
  4 gnolls (D:6)
  9 adders
  A white imp (D:7)
  2 ufetubi
  2 worms
  2 dart slugs
  24 orcs
  6 endoplasms
  2 giant cockroaches
  5 goblins
  6 hobgoblins
  7 jackals
  6 quokkas
  8 ball pythons
  4 bats
  2 frilled lizards
  13 kobolds
  6 rats
158 creatures vanquished.

Notes
Turn   | Place    | Note
-------+----------+-------------------------------------------
     0 | D:1      | freelancePsychic the Djinni Warper began the quest for the
                  | Orb.
     0 | D:1      | Reached XP level 1. HP: 18/18 MP: 0/0
   498 | D:1      | Reached XP level 2. HP: 9/23 MP: 0/0
  1293 | D:1      | Reached XP level 3. HP: 29/29 MP: 0/0
  1293 | D:1      | Learned a level 1 spell: Animate Skeleton
  1473 | D:2      | Reached skill level 3 in Spellcasting
  2333 | D:3      | Reached XP level 4. HP: 34/34 MP: 0/0
  2483 | D:3      | Reached XP level 5. HP: 16/40 MP: 0/0
  2483 | D:3      | Learned a level 2 spell: Slow
  3385 | D:3      | Reached skill level 4 in Spellcasting
  3962 | D:4      | Noticed a black bear
  3976 | D:3      | Killed a black bear
  3977 | D:3      | Reached XP level 6. HP: 24/47 MP: 0/0
  4449 | D:4      | Noticed an ogre
  4472 | D:4      | HP: 1/47 [ogre/+0 giant club (31)]
  4473 | D:4      | Killed an ogre
  4474 | D:4      | Reached XP level 7. HP: 2/52 MP: 0/0
  4474 | D:4      | Learned a level 2 spell: Corpse Rot
  4912 | D:4      | Identified the +10 long sword of Qydd {freeze, rC+}
  4935 | D:4      | Identified the +7 dagger "Odajurr" {flame, Str+2}
  4949 | D:4      | Reached skill level 5 in Spellcasting
  5495 | D:4      | Found a sacrificial altar of Ru.
  5567 | D:4      | Noticed Duvessa
  5707 | D:4      | Noticed Dowan
  5861 | D:4      | Killed Duvessa
  5975 | D:4      | Killed Dowan
  6063 | D:5      | Entered Level 5 of the Dungeon
  6221 | D:5      | Reached XP level 8. HP: 58/58 MP: 0/0
  6372 | D:4      | Became a worshipper of Ru the Awakened
  6414 | D:5      | Reached skill level 6 in Spellcasting
  6648 | D:5      | Found a glowing silver altar of Zin.
  6854 | D:5      | Found a sparkling altar of Nemelex Xobeh.
  6862 | D:5      | Found a stormy altar of Qazlal.
  6866 | D:5      | Found a shadowy altar of Dithmenos.
  6868 | D:5      | Found a snail-covered altar of Cheibriados.
  6870 | D:5      | Found a hide-covered altar of Uskayaw.
  6871 | D:5      | Found a burning altar of Makhleb.
  6874 | D:5      | Fell from the grace of Ru
  6874 | D:5      | Became a worshipper of Makhleb the Destroyer
  7418 | D:6      | Found a staircase to the Ecumenical Temple.
  7462 | D:6      | Found Dodd's Mass Market.
  7522 | D:6      | Found a bloodstained altar of Trog.
  8103 | D:6      | Reached skill level 7 in Spellcasting
  8103 | D:6      | Reached XP level 9. HP: 51/63 MP: 0/0
  8103 | D:6      | Learned a level 3 spell: Inner Flame
  8525 | D:7      | Reached * piety under Makhleb
  8601 | D:7      | Reached skill level 5 in Long Blades
  8725 | D:7      | Identified a scroll of acquirement
  8725 | D:7      | Acquired a staff of fire
  8735 | D:7      | Found a runed translucent gate.
  8735 | D:7      | Found a runed translucent gate.
  8735 | D:7      | Found a runed translucent gate.
  9141 | D:7      | Reached skill level 8 in Spellcasting
  9403 | D:7      | Noticed freelancePsychic's ghost (novice TrMo)
  9445 | D:7      | Noticed Joseph
  9458 | D:7      | Killed Joseph
  9829 | D:7      | Reached XP level 10. HP: 67/69 MP: 0/0
 10575 | D:8      | Reached skill level 9 in Spellcasting
 10827 | D:8      | Found Doutoq's Distillery.
 10967 | D:8      | HP: 1/69 [meliai/divine providence (14)]
 10967 | D:8      | Slain by a meliai

Illustrated notes

Levels and vault maps discovered:
D:1:      ncdulo_watergridlock, layout_rooms, hangedman_decor_push,
          chequers_decorated_corner, minmay_tetromino_i2
D:2:      layout_loops_ring
D:3:      cheibrodos_helix_gallery, layout_basic, st_stairs_8,
          corexii_hall_statues_i
D:4:      layout_basic, nicolae_overflow_hidden_temple, uniq_duvessa
D:5:      layout_basic, marbit_many_paths, minitemple
D:6:      layout_basic, bloody_trog, temple_pool_b, minivault_14, minivault_26,
          minmay_shop_mass
D:7:      layout_loops_ring, gammafunk_ghost_icy, ldierk_geyser,
          serial_park_tiny_pond, grunt_ministairs_5, uniq_joseph
D:8:      layout_basic, serial_shops,
          nicolae_shop_temple_entry_statues_fountains

Skill      XL: |  1  2  3  4  5  6  7  8  9 10 |
---------------+-------------------------------+-----
Spellcasting   | 3 4 5 7 8 9 |  9.1
Fighting       | 3 4 |  4.3
Long Blades    | 2 4 6 |  6.5
Throwing       | |  0.7
Armour         | |  1.0
Dodging        | |  2.1

Action                   |  1- 3 |  4- 6 |  7- 9 | 10-12 || total
-------------------------+-------+-------+-------+-------++-------
Melee: Falchion          |    26 |       |       |       ||    26
       Dagger            |    88 |   124 |    15 |       ||   227
       Long sword        |       |       |   182 |    48 ||   230
Throw: Boomerang         |       |     2 |       |       ||     2
 Cast: Blink             |       |     4 |       |       ||     4
       Slow              |       |       |    28 |     6 ||    34
       Manifold Assault  |       |       |       |     3 ||     3
  Use: Scroll            |     3 |       |     4 |     3 ||    10
       Potion            |       |       |     1 |       ||     1
 Stab: Sleeping          |     1 |       |     1 |       ||     2
Armor: Leather armour    |    32 |    34 |     7 |       ||    73
       Robe              |       |       |    41 |     3 ||    44
Dodge: Dodged            |    47 |    69 |   105 |    22 ||   243
Block: Other             |       |       |    25 |    11 ||    36
       Reflection        |       |       |     1 |       ||     1
       Rpst.: Falchion   |     2 |       |       |       ||     2
       Long sword        |       |       |    29 |     9 ||    38

Table legend: (Time is in decaauts)
 A = Elapsed time spent in this place.
 B = Non-inter-level travel time spent in this place.
 C = Inter-level travel time spent in this place.
 D = Time resting spent in this place.
 E = Time spent auto-exploring this place.
 F = Levels seen in this place.
 G = Mean time per level.
                   A        B        C        D        E       F      G
               +--------+--------+--------+--------+--------+-----+--------+
         Total |  11014 |  10685 |    329 |   1885 |   7349 |   8 | 1376.8 |
       Dungeon |  11014 |  10685 |    329 |   1885 |   7349 |   8 | 1376.8 |
               +--------+--------+--------+--------+--------+-----+--------+

Top non-repeatable levels by time:
     D:3: 2334 daAuts
     D:7: 1761 daAuts
     D:6: 1569 daAuts
     D:1: 1468 daAuts
     D:4: 1409 daAuts
     D:5: 1177 daAuts
     D:2: 888 daAuts
     D:8: 406 daAuts
